 Dungeon Sprint DCSS version 0.21.1 (webtiles) character file.

165 groucho the Unseen (level 5, 0/25 HPs)
             Began as a Felid Berserker on Feb 4, 2018.
             Was a Believer of Trog.
             Shot with an arrow by a centaur warrior (11 damage)
             ... in the Dungeon (Sprint I: "Red Sonja").
             The game lasted 00:01:42 (269 turns).

groucho the Unseen (Felid Berserker)                 Turns: 269, Time: 00:01:42

Health: 0/25       AC:  2    Str: 13    XL:     5   Next: 21%
Magic:  6/6        EV: 21    Int:  9    God:    Trog [**....]
Gold:   427        SH:  0    Dex: 17    Spells: 4/4 levels left
                                        Lives:  0   Deaths: 2

rFire    . . .     SeeInvis +     - Unarmed
rCold    . . .     Gourm    .   (shield unavailable)
rNeg     . . .     Faith    .   (armour unavailable)
rPois    .         Spirit   .   (helmet unavailable)
rElec    .         Reflect  .   (cloak unavailable)
rCorr    .         Harm     .   (gloves unavailable)
MR       .....     NoTele   +   (boots unavailable)
Stlth    ++++++++..             (no amulet)
HPRegen  0.08/turn              (no ring)
MPRegen  0.10/turn              (no ring)

@: berserk cooldown, slowed, slow
A: very small, no armour, no weapons or thrown items, stealth, claws 1, fangs 3,
see invisible, carnivore, speed 1, shaggy fur 2, slow metabolism 1, sharp paws
a: Berserk, Trog's Hand, Burn Spellbooks, Renounce Religion


You were in the Dungeon.
You worshipped Trog.
Trog was pleased with you.
You were not hungry.

You visited 1 branch You collected 427 gold pieces.

Inventory:

Wands
 h - a wand of random effects (21)
Potions
 b - a potion of curing
 d - a potion of haste
 e - 2 potions of magic
 f - 2 potions of berserk rage
 i - a potion of flight {unknown}
Comestibles
 a - a ration


   Skills:
 + Level 4.2 Fighting
 + Level 5.6 Dodging
 + Level 18.9 Stealth
 + Level 4.2 Unarmed Combat


You had 4 spell levels left.
You didn't know any spells.

Dungeon Overview and Level Annotations

Branches:
Dungeon (1/1)

Altars:
Cheibriados
Dithmenos
Elyvilon
Fedhas
Gozag
Hepliaklqana
Kikubaaqudgha
Makhleb
Nemelex Xobeh
Okawaru
Qazlal
Ru
Sif Muna
Trog
Uskayaw
Vehumet
Wu Jian
Xom
Yredelemnul
Zin
The Shining One
Jiyva
Lugonu

Shops:
D [


Innate Abilities, Weirdness & Mutations

You cannot wear armour.
You are incapable of wielding weapons or throwing items.
Your paws allow you to move quietly. (Stealth)
You have sharp claws.
You have razor-sharp teeth.
You have supernaturally acute eyesight. (SInv)
You are carnivorous and can eat meat at any time.
You cover ground quickly.
You are covered in thick fur. (AC +2)
You have a slow metabolism.
Your sharp claws are effective at attacking unaware monsters.


Message History

You feel yourself slow down.
The centaur warrior shoots an arrow.
The arrow closely misses you.
The centaur warrior completely misses you.
You scratch the centaur warrior.
You bite the centaur warrior, but do no damage.
The centaur warrior is heavily wounded.
The centaur warrior shoots an arrow.
The arrow completely misses you. The centaur warrior barely misses you.
The centaur warrior hits you!
The centaur warrior shoots an arrow.
The arrow hits you!
Ouch! That really hurt!
* * * LOW HITPOINT WARNING * * *
You are too injured to fight recklessly!
You are too injured to fight recklessly!
Unknown command.
Press < or > to pray at altars.
You feel much better. The centaur warrior hits you!
The centaur warrior shoots an arrow.
The arrow hits you.
The centaur warrior completely misses you.
The centaur warrior shoots an arrow.
The arrow hits you!
You die...

######################
#<.#.['..#.)'..#__#..+
#..'..#.)'..#..'..'..#
#..#####+#####'#__####
#..####..#...#.####??#
#..#__####..##c#§§≈(§#
#..#_____##'#@(c≈§§§.+
#⌠⌠#_.∩..÷'..(_#§≈§§§#
####_..__##_(#'##+####
#_____###+#)# #######
###


You could see 2 centaur warriors.

Vanquished Creatures
  A slime creature (D)
  Sigmund (D)
  A yak (D)
  An ogre (D)
  A jelly (D)
  Ijyb (D)
6 creatures vanquished.

Notes
Turn   | Place    | Note
-------+----------+-------------------------------------------
     0 | D        | groucho the Felid Berserker began the quest for the Orb.
     0 | D        | Reached XP level 1. HP: 10/10 MP: 2/2
     2 | D        | Noticed Ijyb
     7 | D        | Killed Ijyb
     7 | D        | Reached skill level 8 in Stealth
     7 | D        | Reached XP level 2. HP: 14/14 MP: 3/3
    45 | D        | Noticed an ogre
    47 | D        | Killed an ogre
    47 | D        | Reached skill level 12 in Stealth
    47 | D        | Reached XP level 3. HP: 17/17 MP: 4/4
    47 | D        | Reached XP level 4. HP: 21/21 MP: 5/5
    64 | D        | Noticed Sigmund
    66 | D        | Killed Sigmund
    66 | D        | Reached ** piety under Trog
    66 | D        | Reached skill level 16 in Stealth
    66 | D        | Reached XP level 5. HP: 24/24 MP: 6/6
    66 | D        | Gained mutation: You are covered in thick fur. (AC +2) [Felid growth]
    66 | D        | Reached XP level 6. HP: 28/28 MP: 7/7
    83 | D        | Found a deep blue altar of Sif Muna.
    84 | D        | Found an ornate altar of the Wu Jian Council.
    85 | D        | Found a radiant altar of Vehumet.
   126 | D        | Found Kopralue's Antique Armour Emporium.
   126 | D        | Found an ancient bone altar of Kikubaaqudgha.
   126 | D        | Found a hazy altar of Hepliaklqana.
   126 | D        | Found a stormy altar of Qazlal.
   126 | D        | Found a hide-covered altar of Uskayaw.
   126 | D        | Found a blossoming altar of Fedhas.
   126 | D        | Found a bloodstained altar of Trog.
   126 | D        | Found an iron altar of Okawaru.
   126 | D        | Found a basalt altar of Yredelemnul.
   126 | D        | Found a glowing golden altar of the Shining One.
   126 | D        | Found a snail-covered altar of Cheibriados.
   126 | D        | Found a sacrificial altar of Ru.
   126 | D        | Found a glowing silver altar of Zin.
   126 | D        | Found a shadowy altar of Dithmenos.
   126 | D        | Found a white marble altar of Elyvilon.
   126 | D        | Noticed a yak
   127 | D        | Found an opulent altar of Gozag.
   128 | D        | Killed a yak
   128 | D        | Reached skill level 18 in Stealth
   129 | D        | Found a sparkling altar of Nemelex Xobeh.
   152 | D        | Found a burning altar of Makhleb.
   152 | D        | Found a shimmering altar of Xom.
   152 | D        | Noticed a slime creature
   153 | D        | Found a viscous altar of Jiyva.
   153 | D        | Found a corrupted altar of Lugonu.
   160 | D        | Killed a slime creature
   160 | D        | Reached *** piety under Trog
   160 | D        | Reached skill level 5 in Dodging
   160 | D        | Reached XP level 7. HP: 29/32 MP: 8/8
   247 | D        | Noticed a centaur warrior
   247 | D        | Noticed a centaur warrior
   250 | D        | Mangled by a centaur warrior
   251 | D        | Reached XP level 6. HP: -9/42 MP: 7/7
   258 | D        | Slain by a centaur warrior
   259 | D        | Reached XP level 5. HP: -1/37 MP: 6/6
   268 | D        | HP: 1/25 [centaur warrior/arrow (13)]
   269 | D        | Shot with an arrow by a centaur warrior

Skill      XL: |  1  2  3  4  5  6 |
---------------+-------------------+-----
Stealth        | 8 12 16 18 | 18.9
Fighting       | 4 |  4.2
Dodging        | 5 |  5.6
Unarmed Combat | 4 |  4.2

Action                   |  1- 3 |  4- 6 |  7- 9 || total
-------------------------+-------+-------+-------++-------
Melee: Unarmed           |     4 |    11 |     1 ||    16
       Bite              |     2 |     2 |     1 ||     5
       Punch             |       |     1 |       ||     1
Invok: Berserk           |     1 |     3 |     1 ||     5
       Trog's Hand       |       |     2 |     1 ||     3
  Use: Potion            |       |     1 |       ||     1
       Scroll            |       |       |     1 ||     1
 Stab: Sleeping          |     1 |     3 |       ||     4
  Eat: Chunk             |       |     6 |       ||     6
Dodge: Dodged            |     2 |    13 |     4 ||    19
